 Dungeon Crawl Stone Soup version 0.31-a0-435-g2c6fae2916 (webtiles) character file.

Game seed: 15056370871417954513

829 Flugkiller the Changeling (level 7, -2/43 HPs)
             Began as a Deep Elf Shapeshifter on Aug 1, 2023.
             Slain by a kobold brigand
             ... wielding a +0 club
              (6 damage)
             ... on level 4 of the Dungeon.
             The game lasted 00:06:39 (4895 turns).

Flugkiller the Changeling (Deep Elf Shapeshifter)   Turns: 4895, Time: 00:06:40

Health: -2/43      AC:  5    Str: 12    XL:     7   Next: 65%
Magic:  9/9        EV: 11    Int: 13    God:
Gold:   285        SH:  0    Dex: 17    Spells: 6/6 levels left

rFire   . .          .
                       - Unarmed
rCold   . . .        (no shield)
rNeg    . . .        h - +0 ring mail {rPois}
rPois   +            (helmet currently unavailable)
rElec   .            (cloak currently unavailable)
rCorr   .            (gloves currently unavailable)
SInv    .            (boots currently unavailable)
Will    .....        (no amulet)
Stlth   +            k - ring of flight
HPRegen 0.27/turn    (no ring)
MPRegen 0.11/turn

%: no passive effects
@: beast-form, flying, invisible
A: beast (slay +4)
a: Begin Untransformation


You were on level 4 of the Dungeon.
You were a hulking beast.
You visited 1 branch of the dungeon, and saw 4 of its levels.
You also visited: Sewer.

You collected 285 gold pieces.

Inventory:

Armour
 e - a +0 pair of boots
   (You found it on level 2 of the Dungeon)
 h - a +0 ring mail of poison resistance (worn)
   (You took it off an orc on level 4 of the Dungeon)
Jewellery
 k - a ring of flight (left hand)
   (You found it on level 2 of the Dungeon)
 s - a ring of wizardry
   (You found it on level 4 of the Dungeon)
Talismans
 c - a beast talisman (active)
 m - a maw talisman
   (You found it on level 2 of the Dungeon)
Scrolls
 a - a scroll of noise
 b - a scroll of blinking {unknown}
 i - 2 scrolls of fog
 j - a scroll of vulnerability
 r - a scroll of immolation {unknown}
Potions
 d - a potion of mutation {unknown}
 f - a potion of cancellation {unknown}
 g - 3 potions of attraction
 l - a potion of magic
 o - a potion of ambrosia {unknown}
 p - a potion of enlightenment {unknown}
 t - a potion of might {unknown}
 u - a potion of haste {unknown}
 v - a potion of invisibility


   Skills:
 + Level 4.1 Fighting
 - Level 2.4 Dodging
 + Level 4.2 Unarmed Combat
 * Level 6.1 Shapeshifting


You had 6 spell levels left.
You didn't know any spells.
Your spell library contained the following spells:

 Spells                   Type           Power      Damage    Failure   Level
 Blink                    Tloc           0%         N/A       71%         2
 Manifold Assault         Tloc           0%         N/A       100%        4


Dungeon Overview and Level Annotations

Branches:
Dungeon (4/15) Zot: 19785   Sewer (visited)
 Temple: D:4-7

Altars:
Dithmenos
Qazlal

Annotations:
D:3 1 runed translucent door, Crazy Yiuf


Message History

The kobold shouts!
There is an open door here.
The kobold hits you but does no damage.
A kobold comes into view. It is wielding a +0 club.
You hit the kobold.
The kobold is heavily wounded.
The kobold hits you but does no damage.
You hit the kobold.
You kill the kobold!
You punch the kobold!
You kill the kobold!
No target in view!
No target in view!
No target in view!
There is an open door here.
Key pressed, stopping explore.
No target in view! 2 kobold brigands come into view.
A kobold brigand is wielding a +0 club and quivering poisoned darts.
A kobold brigand is wielding a +0 club and quivering poisoned darts.
The kobold brigand shouts! x2
The kobold brigand moves out of view.
A kobold brigand is nearby!
A kobold brigand is nearby!
Unknown command.
Found 32 gold pieces.
The kobold brigand throws a poisoned dart.
The poisoned dart closely misses you.
Found a chain mail and 17 gold pieces.
The kobold brigand hits you with a +0 club!
You hit the kobold brigand. Your punch misses the kobold brigand.
The kobold brigand is lightly wounded.
The kobold brigand hits you with a +0 club.
The kobold brigand closely misses you.
You hit the kobold brigand.
The kobold brigand is moderately wounded.
The kobold brigand hits you but does no damage.
The kobold brigand hits you with a +0 club.
You hit the kobold brigand.
The kobold brigand is heavily wounded.
The kobold brigand hits you with a +0 club. x2
You barely miss the kobold brigand.
The kobold brigand is heavily wounded.
The kobold brigand hits you with a +0 club!
The kobold brigand hits you with a +0 club.
You are too injured to fight recklessly!
You barely miss the kobold brigand.
The kobold brigand is heavily wounded.
You feel better.
The kobold brigand hits you with a +0 club. x2
Okay, then.
Okay, then.
You hit the kobold brigand.
The kobold brigand is heavily wounded.
The kobold brigand hits you with a +0 club.
The kobold brigand closely misses you.
You hit the kobold brigand but do no damage.
The kobold brigand is heavily wounded.
The kobold brigand hits you with a +0 club!
* * * LOW HITPOINT WARNING * * *
The kobold brigand hits you with a +0 club.
* * * LOW HITPOINT WARNING * * *
You feel much better. The kobold brigand misses you.
The kobold brigand closely misses you.
You hit the kobold brigand.
The kobold brigand is severely wounded.
The kobold brigand hits you with a +0 club. x2
As you read the scroll labelled WAMOZO HUTUTRE, it crumbles to dust.
You hear a loud clanging noise!
It was a scroll of noise.
The kobold brigand barely misses you.
The kobold brigand hits you with a +0 club!
Unknown command.
You barely miss the kobold brigand.
The kobold brigand is severely wounded.
The kobold brigand hits you with a +0 club.
* * * LOW HITPOINT WARNING * * *
The kobold brigand hits you with a +0 club.
* * * LOW HITPOINT WARNING * * *
You closely miss the kobold brigand.
The kobold brigand is severely wounded.
The kobold brigand barely misses you.
The kobold brigand hits you but does no damage.
The kobold brigand attacks as you move away!
The kobold brigand hits you with a +0 club.
* * * LOW HITPOINT WARNING * * *
As you read the scroll labelled XYEZEA WOTOTI, it crumbles to dust.
Your body is wracked with pain!
* * * LOW HITPOINT WARNING * * *
The kobold brigand convulses! x2; It was a scroll of torment.
The kobold brigand hits you with a +0 club.
* * * LOW HITPOINT WARNING * * *
You feel better. The kobold brigand misses you.
You fade into invisibility!
The kobold brigand barely misses you.
The kobold brigand hits you with a +0 club!
* * * LOW HITPOINT WARNING * * *
You miss the kobold brigand.
The kobold brigand is severely wounded.
The kobold brigand closely misses you.
The kobold brigand hits you with a +0 club.
You die...

........###.....#.#####..#......#
..........##[#..#.....#...[.◎...#
##........##.#.######.#.######.##
#####'#.....#.....##.#.....)....
#.##.##~~~~~#.##.########..#
#....~~~~~≈~~....#########.# ##
#######~≈≈≈~~~~###.....###..
.######$$..###≈######............
.....##[$....###h......#####.))..
####..#####....KK....###≈≈≈####..
##....####...######~~~≈~≈~~#.#
####...######...~~~~~~~~~#..#
###........#..###~~~###.##
########......#####.....
#.#...>....#..###
#)#)##.###)).#..#
#[.)............#


You could see 2 kobold brigands.

Vanquished Creatures
  Grinder (D:3)
  A phantom (D:4)
  A scorpion (D:4)
  3 jellies (Sewer)
  An orc priest (D:4)
  An iguana (D:4)
  Natasha (thrice) (D:3)
  10 adders
  2 river rats
  5 worms
  2 dart slugs
  7 orcs
  13 endoplasms
  5 giant cockroaches
  9 goblins
  10 hobgoblins
  4 jackals (D:2)
  18 kobolds
  4 quokkas
  13 ball pythons
  7 bats
  4 frilled lizards
  30 rats
154 creatures vanquished.

Notes
Turn   | Place    | Note
-------+----------+-------------------------------------------
     0 | D:1      | Flugkiller the Deep Elf Shapeshifter began the quest for
                  | the Orb.
     0 | D:1      | Reached XP level 1. HP: 11/11 MP: 3/3
    26 | D:1      | Reached skill level 1 in Fighting
    99 | D:1      | Reached XP level 2. HP: 17/17 MP: 4/4
   373 | D:1      | Found a faded altar of an unknown god.
   677 | D:1      | Reached XP level 3. HP: 21/21 MP: 5/5
  1588 | D:2      | Reached XP level 4. HP: 21/27 MP: 6/6
  2068 | D:3      | Found a stormy altar of Qazlal.
  2153 | D:3      | Noticed Grinder
  2173 | D:3      | Paralysed by Grinder for 4 turns
  2179 | D:3      | Killed Grinder
  2180 | D:3      | Reached skill level 4 in Shapeshifting
  2180 | D:3      | Reached XP level 5. HP: 25/32 MP: 7/7
  2180 | D:3      | Reached XP level 6. HP: 28/37 MP: 8/8
  2438 | D:3      | Found a runed translucent door.
  2439 | D:3      | Noticed Crazy Yiuf
  2715 | D:3      | Noticed Natasha
  2723 | D:3      | Killed Natasha
  2765 | D:3      | Noticed Natasha
  2778 | D:3      | Killed Natasha
  2779 | D:3      | Reached skill level 5 in Shapeshifting
  2891 | D:3      | Found a shadowy altar of Dithmenos.
  2997 | D:3      | Noticed Natasha
  3010 | D:3      | Killed Natasha
  3562 | D:4      | Reached XP level 7. HP: 18/42 MP: 9/9
  4003 | D:4      | Found a glowing drain.
  4036 | Sewer    | Entered a sewer
  4270 | Sewer    | Reached skill level 6 in Shapeshifting
  4591 | Sewer    | Found a viscous altar of Jiyva.
  4895 | D:4      | Slain by a kobold brigand

Illustrated notes

Levels and vault maps discovered:
D:1:      minmay_arrival_plants_in_alcoves, layout_loops_ring,
          ebering_ecumenical_altar_rust, minmay_misc_feat_cross,
          hangedman_decor_riveting, minmay_crystal_room
D:2:      wad_lake_hut, layout_loops_ring, minmay_circle_x
D:3:      layout_loops_corners, mainiacjoe_overflow_24_doors,
          lemuel_coloured_pillars_altar, minmay_rat_hole, uniq_grinder,
          uniq_natasha, uniq_crazy_yiuf_cottage
D:4:      cheibrodos_thug_alley, layout_basic, portal_sewer_entry_b, minmay_bent

Skill      XL: |  1  2  3  4  5  6  7 |
---------------+----------------------+-----
Fighting       | 1 2 3 4 |  4.1
Unarmed Combat | 3 4 |  4.2
Shapeshifting  | 4 5 6 |  6.1
Dodging        | |  2.4

Action                     |  1- 3 |  4- 6 |  7- 9 || total
---------------------------+-------+-------+-------++-------
  Melee: Unarmed           |   147 |   188 |   129 ||   464
         Punch             |     3 |     1 |     4 ||     8
    Use: Scroll            |     4 |     1 |     2 ||     7
         Potion            |       |     1 |     7 ||     8
 Armour: Chain mail        |    17 |       |       ||    17
         Animal skin       |     1 |       |       ||     1
         Plate armour      |    71 |   113 |    18 ||   202
         Skin              |       |     5 |       ||     5
         Ring mail         |       |       |    32 ||    32
  Dodge: Dodged            |    34 |    30 |    64 ||   128

Table legend: (Time is in decaauts)
 A = Elapsed time spent in this place.
 B = Non-inter-level travel time spent in this place.
 C = Inter-level travel time spent in this place.
 D = Time resting spent in this place.
 E = Time spent auto-exploring this place.
 F = Levels seen in this place.
 G = Mean time per level.
                   A        B        C        D        E       F      G
               +--------+--------+--------+--------+--------+-----+--------+
         Total |   4880 |   4663 |    217 |    857 |   2403 |   5 |  976.0 |
       Dungeon |   4214 |   3997 |    217 |    433 |   2334 |   4 | 1053.5 |
         Sewer |    666 |    666 |      0 |    424 |     69 |   1 |  666.0 |
               +--------+--------+--------+--------+--------+-----+--------+

Top non-repeatable levels by time:
     D:3: 1279 daAuts
     D:2: 1073 daAuts
     D:1: 960 daAuts
     D:4: 900 daAuts
   Sewer: 666 daAuts
